 Dungeon Crawl Stone Soup version 0.23.2-40-g277498a001 (webtiles) character file.

Game seed: 7672537434520208733

254 Frank2 the Chopper (level 5, -2/42 HPs)
             Began as a Demigod Gladiator on Oct 3, 2019.
             Killed from afar by an orc wizard (8 damage)
             ... with a magic dart
             ... on level 4 of the Dungeon.
             The game lasted 00:03:32 (2273 turns).

Frank2 the Chopper (Demigod Gladiator)              Turns: 2273, Time: 00:03:33

Health: -2/42      AC:  8    Str: 17    XL:     5   Next: 59%
Magic:  7/7        EV: 13    Int: 12    God:
Gold:   91         SH:  0    Dex: 19    Spells: 4/4 levels left

rFire    . . .     SeeInvis .   a - +1 war axe
rCold    . . .     Gourm    .   (no shield)
rNeg     . . .     Faith    .   l - +0 ring mail
rPois    +         Spirit   .   c - +1 helmet
rElec    .         Reflect  .   (no cloak)
rCorr    .         Harm     .   e - +0 pair of gloves
MR       .....                  (no boots)
Stlth    ++........             (no amulet)
HPRegen  0.14/turn              g - ring of poison resistance
MPRegen  0.10/turn              i - ring of stealth

@: no status effects
A: high mp 1
a: no special abilities


You were on level 4 of the Dungeon.
You were hungry.

You visited 1 branch of the dungeon, and saw 4 of its levels.

You collected 91 gold pieces.

Inventory:

Hand Weapons
 a - a +1 war axe (weapon)
Missiles
 d - 3 throwing nets (quivered)
Armour
 c - a +1 helmet (worn)
 e - a +0 pair of gloves (worn)
 l - a +0 ring mail (worn)
Jewellery
 g - a ring of poison resistance (left hand)
 i - a ring of stealth (right hand)
Wands
 m - a wand of flame (20)
Scrolls
 k - a scroll of teleportation
 o - a scroll of fear
Potions
 h - a potion of cancellation {unknown}
 j - a potion of lignification {unknown}
 n - a potion of magic {unknown}
 p - a potion of berserk rage {unknown}
Comestibles
 f - 6 rations


   Skills:
 + Level 2.5 Fighting
 + Level 4.5 Axes
 - Level 1.7 Throwing
 * Level 2.4 Armour
 + Level 3.4 Dodging
 * Level 0.2 Evocations


You had 4 spell levels left.
You didn't know any spells.
Your spell library was empty.

Dungeon Overview and Level Annotations

Branches:
Dungeon (4/15)
 Temple: D:4-7


Innate Abilities, Weirdness & Mutations

You have an increased reservoir of magic. (+10% MP)


Message History

The orc priest hits you but does no damage.
You closely miss the orc priest.
The orc priest is moderately wounded.
The orc priest invokes the aid of Beogh against you.
Beogh smites you!
* * * LOW HITPOINT WARNING * * *
You hit the orc priest.
The orc priest is severely wounded.
The orc priest closely misses you.
The orc priest calls down the wrath of Beogh upon you.
Pain shoots through your body!
* * * LOW HITPOINT WARNING * * *
You hit the orc priest.
The orc priest is severely wounded.
The orc priest barely misses you.
You barely miss the orc priest.
The orc priest is severely wounded.
The orc wizard points at you and mumbles some strange words.
The magic dart hits you!
You die...

#..#..##.....# ##
#............#### ..#
#........###....##.###
###..........#..........
.......####......./....#
.......# ##.........#
####...#####..).o.....#
##....###......o.....#
#......(...##...@....#
........#####...##..##
#.........# #.#..# ..#
##.......###...>... .#
##...#...###....##. #
#...#..## ....## #
##..##.# #....# ##.. ..
.....# ### .##


You could see an orc priest and an orc wizard.

Vanquished Creatures
  A crimson imp (D:3)
  A hound (D:4)
  Natasha (D:2)
  6 adders (D:3)
  A shadow imp (D:3)
  A worm (D:2)
  5 dart slugs
  A leopard gecko (D:3)
  5 orcs
  3 giant cockroaches
  8 goblins
  11 hobgoblins
  12 jackals
  A quokka (D:3)
  7 bats
  7 frilled lizards
  4 kobolds
  12 rats
87 creatures vanquished.

Notes
Turn   | Place    | Note
-------+----------+-------------------------------------------
     0 | D:1      | Frank2 the Demigod Gladiator began the quest for the Orb.
     0 | D:1      | Reached XP level 1. HP: 17/17 MP: 3/3
   147 | D:1      | Reached skill level 3 in Axes
   147 | D:1      | Reached XP level 2. HP: 22/24 MP: 4/4
   754 | D:2      | Reached XP level 3. HP: 26/29 MP: 5/5
   877 | D:2      | Reached skill level 1 in Armour
  1029 | D:2      | Noticed Natasha
  1035 | D:2      | Killed Natasha
  1073 | D:2      | Reached XP level 4. HP: 26/36 MP: 6/6
  1481 | D:3      | Found a white marble altar of Elyvilon.
  1543 | D:3      | Reached skill level 4 in Axes
  1595 | D:3      | Reached XP level 5. HP: 31/41 MP: 7/7
  2273 | D:4      | Killed from afar by an orc wizard

Skill      XL: |  1  2  3  4 |
---------------+-------------+-----
Axes           | 3 4 |  4.5
Dodging        | 3 |  3.4
Armour         | 1 2 |  2.4
Fighting       | 2 |  2.5
Throwing       | |  1.7
Evocations     | |  0.2

Action                   |  1- 3 |  4- 6 || total
-------------------------+-------+-------++-------
Melee: War axe           |    96 |   115 ||   211
  Use: Scroll            |     5 |     6 ||    11
       Potion            |       |     1 ||     1
 Stab: Sleeping          |     4 |     1 ||     5
  Eat: Chunk             |       |     4 ||     4
Armor: Leather armour    |    22 |     3 ||    25
       Ring mail         |       |    41 ||    41
Dodge: Dodged            |    66 |   113 ||   179
